 Dungeon Crawl Stone Soup version 0.29.1-15-g9cfb28693d (webtiles) character file.

Game seed: 14902711886559201705

786 Acheron the Chopper (level 7, -1/60 HPs)
             Began as a Minotaur Gladiator on Apr 7, 2023.
             Slain by Prince Ribbit (15 damage)
             ... on level 6 of the Dungeon.
             The game lasted 00:18:57 (6185 turns).

Acheron the Chopper (Minotaur Gladiator)            Turns: 6185, Time: 00:18:57

Health: -1/60      AC:  7    Str: 19    XL:     7   Next: 56%
Magic:  15/15      EV: 12    Int:  7    God:
Gold:   245        SH:  0    Dex: 11    Spells: 6/6 levels left

rFire   . . .      SeeInvis .   a - +0 war axe
rCold   . . .      Faith    .   (no shield)
rNeg    . . .      Spirit   .   q - +0 ring mail
rPois   +          Reflect  .   c - +1 hat
rElec   .          Harm     .   (no cloak)
rCorr   .          Rampage  .   (no gloves)
Will    .....                   (no boots)
Stlth   +.........              (no amulet)
HPRegen 0.20/turn               p - ring of magical power
MPRegen 0.14/turn               u - ring of poison resistance

@: no status effects
A: horns 2, retaliatory headbutt
a: no special abilities


You were on level 6 of the Dungeon.
You visited 2 branches of the dungeon, and saw 7 of its levels.

You collected 245 gold pieces.

Inventory:

Hand Weapons
 a - a +0 war axe (weapon)
Missiles
 d - 4 throwing nets (quivered)
 e - a javelin
 i - 3 curare-tipped darts
 m - 3 boomerangs
 v - 12 poisoned darts
Armour
 b - a +0 leather armour
 c - a +1 hat (worn)
 q - a +0 ring mail (worn)
Magical Staves
 A - a staff of cold
Jewellery
 p - a ring of magical power (left hand)
 u - a ring of poison resistance (right hand)
 y - a ring of positive energy
Wands
 h - a wand of iceblast (6)
 k - a wand of flame (7)
 s - a wand of mindburst (18)
Scrolls
 j - 2 scrolls of fog
 x - 2 scrolls of teleportation
Potions
 f - 3 potions of haste
 g - 5 potions of curing
 l - 3 potions of might
 n - a potion of attraction {unknown}
 o - 2 potions of mutation
 r - a potion of berserk rage
 t - a potion of degeneration {unknown}
 w - 2 potions of invisibility
 z - a potion of lignification {unknown}


   Skills:
 * Level 4.6 Fighting
 * Level 6.2 Axes
 * Level 2.1 Throwing
 * Level 5.1 Armour
 * Level 5.1 Dodging
 * Level 2.4 Stealth
 * Level 0.1 Evocations


You had 6 spell levels left.
You didn't know any spells.
Your spell library was empty.

Dungeon Overview and Level Annotations

Branches:
Dungeon (6/15)             Temple (1/1) D:4

Altars:
Ashenzari
Cheibriados
Dithmenos
Elyvilon
Fedhas
Gozag
Hepliaklqana
Kikubaaqudgha
Makhleb
Nemelex Xobeh
Qazlal
Ru
Sif Muna
Trog
Uskayaw
Vehumet
Wu Jian
Yredelemnul
Zin
The Shining One

Annotations:
D:2 exclusion: downstairs
D:3 Sigmund
D:5 exclusion: downstairs
D:6 Prince Ribbit


Innate Abilities, Weirdness & Mutations

You have a pair of horns on your head.
You reflexively headbutt those who attack you in melee.


Message History

You see here a staff of cold.
A - a staff of cold
B - a scroll of identify
As you read the scroll of identify, it crumbles to dust.
r - a potion of berserk rage Prince Ribbit comes into view.
The helpless Prince Ribbit fails to defend himself.
You hit Prince Ribbit. You headbutt Prince Ribbit.
Prince Ribbit is moderately wounded.
Prince Ribbit blinks!
Prince Ribbit attacks as you move away! Prince Ribbit closely misses you.
Prince Ribbit blinks!
You see here a +0 club.
Prince Ribbit blinks!
Prince Ribbit attacks as you move away! Prince Ribbit barely misses you.
You furiously retaliate!
You headbutt Prince Ribbit, but do no damage.
Prince Ribbit closely misses you. Prince Ribbit attacks as you move away!
Prince Ribbit hits you! Prince Ribbit attacks as you move away!
Prince Ribbit hits you! x2
Prince Ribbit attacks as you move away! Prince Ribbit hits you.
You miss Prince Ribbit. Your headbutt misses Prince Ribbit.
Prince Ribbit is lightly wounded.
Prince Ribbit blinks!
Prince Ribbit blinks!
Prince Ribbit sighs, "It's not easy being green!"
Prince Ribbit blinks!
You miss Prince Ribbit.
Prince Ribbit is lightly wounded.
Prince Ribbit closely misses you. You furiously retaliate!
You headbutt Prince Ribbit. Prince Ribbit completely misses you.
You barely miss Prince Ribbit.
Prince Ribbit is moderately wounded.
Prince Ribbit hits you.
You closely miss Prince Ribbit. You headbutt Prince Ribbit.
Prince Ribbit is moderately wounded.
Prince Ribbit hits you!
* * * LOW HITPOINT WARNING * * *
Prince Ribbit hits you!
You die...

#..#.#.#.# ####.#
.......#.# #.#
#..##..#.# #)#
#...#..#.#### #.#
#.......#...# #.#
....#..#.##.# #.#
#........##.# #.#
##.##..####.# #F#
#.##..# #.# #@#
#..#..####.####.#
##.#............##
#####.#
#.#.......ยง.....#
#<....#
#...............#
#.#####
#..####.#########
#.# #..# #.# #.#
###..# #.# #.#
.....# #.# #.#


You could see Prince Ribbit.

Vanquished Creatures
  Grinder (D:3)
  A phantom (D:4)
  A scorpion (D:4)
  An orc priest (D:6)
  2 hounds
  Ijyb (D:4)
  An iguana (D:5)
  2 orc wizards
  8 gnolls (D:4)
  9 adders
  An ufetubus (D:5)
  A worm (D:2)
  3 dart slugs (D:2)
  19 orcs
  2 ball pythons
  4 bats
  6 endoplasms
  A giant cockroach (D:2)
  6 goblins
  8 hobgoblins
  4 jackals (D:2)
  8 kobolds
  4 quokkas
  2 frilled lizards (D:2)
  2 rats
98 creatures vanquished.

Notes
Turn   | Place    | Note
-------+----------+-------------------------------------------
     0 | D:1      | Acheron the Minotaur Gladiator began the quest for the Orb.
     0 | D:1      | Reached XP level 1. HP: 18/18 MP: 0/0
   218 | D:1      | Reached XP level 2. HP: 25/25 MP: 1/1
   229 | D:1      | Reached skill level 4 in Axes
   371 | D:1      | Found a faded altar of an unknown god.
  1303 | D:3      | Noticed Grinder
  1324 | D:2      | Reached XP level 3. HP: 11/30 MP: 2/2
  1901 | D:2      | Reached skill level 1 in Armour
  2210 | D:3      | Reached XP level 4. HP: 35/37 MP: 3/3
  2251 | D:3      | Found a hazy altar of Hepliaklqana.
  2258 | D:3      | Found a radiant altar of Vehumet.
  2258 | D:3      | Found an opulent altar of Gozag.
  2284 | D:3      | Noticed Sigmund
  2584 | D:3      | Paralysed by Grinder for 3 turns
  2673 | D:4      | Noticed a phantom
  2685 | D:4      | Killed a phantom
  2686 | D:4      | Reached skill level 1 in Stealth
  2686 | D:4      | Reached XP level 5. HP: 27/45 MP: 4/4
  2807 | D:4      | Found a staircase to the Ecumenical Temple.
  2816 | Temple   | Entered the Ecumenical Temple
  3075 | D:4      | Reached skill level 5 in Axes
  3399 | D:4      | Reached XP level 6. HP: 46/51 MP: 5/5
  3495 | D:4      | Noticed Ijyb
  3649 | D:5      | Entered Level 5 of the Dungeon
  4875 | D:4      | Killed Ijyb
  5036 | D:4      | Reached XP level 7. HP: 56/59 MP: 6/6
  5552 | D:3      | Killed Grinder
  5553 | D:3      | Reached skill level 6 in Axes
  5553 | D:3      | Reached skill level 5 in Armour
  5553 | D:3      | Reached skill level 5 in Dodging
  6160 | D:6      | Noticed Prince Ribbit
  6185 | D:6      | Slain by Prince Ribbit

Illustrated notes

Levels and vault maps discovered:
D:1:      nzn_arrival_water_spiral, layout_basic,
          dreamdust_ecumenical_altar_statues, hangedman_decor_clover_reticule
D:2:      layout_rooms, serial_bayou_pond_e
D:3:      layout_loops_ring, grunt_temple_overflow_open, uniq_sigmund,
          uniq_grinder
D:4:      layout_gridville, minmay_temple_entry_stoned_glass, uniq_ijyb
D:5:      layout_layer_cave
D:6:      minmay_cornered_nines, layout_loops_ring, uniq_prince_ribbit1
Temple:   minmay_temple_bridge_d

Skill      XL: |  1  2  3  4  5  6  7 |
---------------+----------------------+-----
Axes           | 4 5 6 |  6.2
Armour         | 1 2 3 4 5 |  5.1
Dodging        | 4 5 |  5.1
Fighting       | 3 4 |  4.6
Stealth        | 1 2 |  2.4
Throwing       | |  2.1
Evocations     | |  0.1

Action                   |  1- 3 |  4- 6 |  7- 9 || total
-------------------------+-------+-------+-------++-------
Melee: War axe           |    65 |   120 |    33 ||   218
       Headbutt          |     6 |    23 |     8 ||    37
       Punch             |       |       |     1 ||     1
Evoke: Wand              |       |     2 |       ||     2
  Use: Scroll            |     8 |     6 |     3 ||    17
       Potion            |       |     1 |       ||     1
 Stab: Sleeping          |       |     2 |     1 ||     3
Armor: Leather armour    |    21 |       |       ||    21
       Ring mail         |     4 |    47 |     7 ||    58
Dodge: Dodged            |    59 |   101 |    21 ||   181
